 Dungeon Crawl Stone Soup version 0.31-a0-18-gea43df2a32 (webtiles) character file.

Game seed: 3571282161267469214

56 sircluck the Trooper (level 3, -2/33 HPs)
             Began as a Hill Orc Fighter on May 9, 2023.
             Slain by a hobgoblin (4 damage)
             ... led by Robin
             ... on level 2 of the Dungeon.
             The game lasted 00:01:22 (1064 turns).

sircluck the Trooper (Hill Orc Fighter)             Turns: 1064, Time: 00:01:23

Health: -2/33      AC:  7    Str: 20    XL:     3   Next: 97%
Magic:  3/3        EV:  9    Int:  8    God:
Gold:   54         SH:  4    Dex: 10    Spells: 2/2 levels left

rFire   . . .        a - +0 war axe
rCold   . . .        c - +0 buckler
rNeg    . . .        b - +0 scale mail
rPois   .            (no helmet)
rElec   .            (no cloak)
rCorr   .            (no gloves)
SInv    .            (no boots)
Will    .....        (no amulet) Stlth
                     (no ring)
HPRegen 0.25/turn    (no ring)
MPRegen 0.08/turn

%: no passive effects
@: no status effects
A: no striking features
a: no special abilities


You were on level 2 of the Dungeon.
You visited 1 branch of the dungeon, and saw 2 of its levels.

You collected 54 gold pieces.

Inventory:

Hand Weapons
 a - a +0 war axe (weapon)
Missiles
 j - 19 stones (quivered)
Armour
 b - a +0 scale mail (worn)
 c - a +0 buckler (worn)
Scrolls
 e - 2 scrolls of poison {unknown}
 f - a scroll of identify {unknown}
 g - a scroll of summoning {unknown}
 h - a scroll of enchant armour {unknown}
 i - a scroll of vulnerability {unknown}
 l - a scroll of torment {unknown}
 o - a scroll of teleportation {unknown}
 p - a scroll of noise {unknown}
 r - a scroll of brand weapon {unknown}
Potions
 d - a potion of might
 k - a potion of cancellation {unknown}
 m - a potion of ambrosia {unknown}
 n - a potion of heal wounds {unknown}
 q - 3 potions of mutation {unknown}


   Skills:
 + Level 4.2 Fighting
 + Level 3.9 Axes
 + Level 4.0 Armour
 + Level 3.4 Shields


You had 2 spell levels left.
You didn't know any spells.
Your spell library was empty.

Dungeon Overview and Level Annotations

Branches:
Dungeon (2/15)

Altars:

Shops:
D:1 *


Message History

You slash Robin!
Robin is heavily wounded.
You hit the worm. You barely miss the goblin.
You hit the goblin but do no damage. You closely miss the quokka.
The quokka bites you but does no damage. x2
Robin roars a battlecry!
The hobgoblin goes into a battle-frenzy!
The goblin hits you but does no damage. The goblin hits you with a +0 club.
The worm bites you but does no damage.
You slash Robin!
You kill Robin!
You hit the worm. You closely miss the goblin. You miss the goblin.
You barely miss the quokka. The quokka bites you. The goblin barely misses you.
The goblin hits you with a +0 club.
* * * LOW HITPOINT WARNING * * *
The quokka closely misses you. The worm bites you.
* * * LOW HITPOINT WARNING * * *
You block the goblin's attack. The goblin closely misses you.
You slash the worm!
The worm is almost dead.
You closely miss the goblin. You completely miss the goblin.
You slash the quokka!
You kill the quokka!
The goblin hits you with a +0 club.
* * * LOW HITPOINT WARNING * * *
The goblin closely misses you. The worm closely misses you.
Your Armour skill increases to level 4!
You slash the worm!
You kill the worm!
You hit the goblin.
You kill the goblin!
You barely miss the goblin. You hit the hobgoblin.
The goblin hits you with a +0 club.
* * * LOW HITPOINT WARNING * * *
The hobgoblin hits you but does no damage.
You closely miss the goblin. You hit the hobgoblin.
You block the goblin's attack.
The hobgoblin hits you but does no damage.
The goblin hits you but does no damage. The hobgoblin hits you.
You die...

..# #............# ..#
#............#
..####.........[..#
..##..............#
.....#............#
..####............# .
..# #............# ?..
..# #........)).)#.....
..## #..[.....)g@.......
...############g###.....
.>...... ..g) ...
...##### ###.## # ####
..# ..# ...# ...#


You could see 2 hobgoblins and a goblin (strong).

Vanquished Creatures
  Robin (D:2)
  A worm (D:2)
  2 endoplasms (D:1)
  2 giant cockroaches (D:1)
  10 goblins
  4 hobgoblins
  A quokka (D:2)
  6 ball pythons (D:1)
  3 bats (D:1)
  2 frilled lizards (D:1)
  3 kobolds (D:1)
  6 rats
41 creatures vanquished.

Notes
Turn   | Place    | Note
-------+----------+-------------------------------------------
     0 | D:1      | sircluck the Hill Orc Fighter began the quest for the Orb.
     0 | D:1      | Reached XP level 1. HP: 19/19 MP: 1/1
   181 | D:1      | Reached XP level 2. HP: 27/27 MP: 2/2
   255 | D:1      | Found Zeewny's Assorted Antiques.
   530 | D:1      | Found a faded altar of an unknown god.
   539 | D:1      | Reached XP level 3. HP: 33/33 MP: 3/3
  1051 | D:2      | Noticed Robin
  1061 | D:2      | Killed Robin
  1064 | D:2      | Slain by a hobgoblin

Illustrated notes

Levels and vault maps discovered:
D:1:      dpeg_arrival_solitude, layout_basic, serial_shops,
          nicolae_shop_tiny_real_fake_doors, nicolae_ecumenical_snake_handling
D:2:      layout_basic, minmay_misc_feat_square, uniq_robin

Skill      XL: |  1  2  3 |
---------------+----------+-----
Fighting       | 4 |  4.2
Axes           | 3 |  3.9
Armour         | 4 |  4.0
Shields        | |  3.4

Action                     || total
---------------------------++-------
  Melee: War axe           ||    72
 Armour: Scale mail        ||    38
  Dodge: Dodged            ||    48
  Block: Buckler           ||    22

Table legend: (Time is in decaauts)
 A = Elapsed time spent in this place.
 B = Non-inter-level travel time spent in this place.
 C = Inter-level travel time spent in this place.
 D = Time resting spent in this place.
 E = Time spent auto-exploring this place.
 F = Levels seen in this place.
 G = Mean time per level.
                   A        B        C        D        E       F      G
               +--------+--------+--------+--------+--------+-----+--------+
         Total |   1090 |   1053 |     37 |      0 |    843 |   2 |  545.0 |
       Dungeon |   1090 |   1053 |     37 |      0 |    843 |   2 |  545.0 |
               +--------+--------+--------+--------+--------+-----+--------+

Top non-repeatable levels by time:
     D:1: 1020 daAuts
     D:2: 70 daAuts
